 Dungeon Crawl Stone Soup version 0.23.2-33-g5129a83184 (webtiles) character file.

Game seed: 14577200349327072362

59 Acheron the Chopper (level 4, -4/27 HPs)
             Began as a Gargoyle Gladiator on July 17, 2019.
             Blown up by Ijyb (11 damage)
             ... with a wand of disintegration (16)
             ... on level 3 of the Dungeon.
             The game lasted 00:03:37 (610 turns).

Acheron the Chopper (Gargoyle Gladiator)             Turns: 610, Time: 00:03:37

Health: -4/27      AC:  7    Str: 18    XL:     4   Next: 3%
Magic:  4/4        EV: 12    Int:  9    God:
Gold:   47         SH:  0    Dex: 11    Spells: 3/3 levels left

rFire    . . .     SeeInvis .   a - +1 war axe
rCold    . . .     Gourm    .   (no shield)
rNeg     + . .     Faith    .   b - +0 leather armour
rPois    ∞         Spirit   .   c - +0 helmet
rElec    +         Reflect  .   (no cloak)
rCorr    .         Harm     .   (no gloves)
MR       .....                  (no boots)
Stlth    +.........             (no amulet)
HPRegen  0.09/turn              (no ring)
MPRegen  0.09/turn              (no ring)

@: no status effects
A: negative energy resistance 1, electricity resistance, unbreathing,
petrification resistance, rot immunity, AC +3
a: no special abilities


You were on level 3 of the Dungeon.
You were not hungry.

You visited 1 branch of the dungeon, and saw 3 of its levels.

You collected 47 gold pieces.

Inventory:

Hand Weapons
 a - a +1 war axe (weapon)
 n - a +0 blowgun
Missiles
 d - 3 throwing nets (quivered)
 e - 12 bolts
 o - 5 poisoned needles
 p - 11 sling bullets
Armour
 b - a +0 leather armour (worn)
 c - a +0 helmet (worn)
 m - a +0 ring mail
Jewellery
 k - a cursed ring of fire {unknown}
Scrolls
 q - a scroll of teleportation {unknown}
 r - a scroll of identify {unknown}
Potions
 h - a potion of cancellation {unknown}
 i - a potion of curing {unknown}
 j - 4 potions of brilliance {unknown}
 l - 2 potions of resistance {unknown}
Comestibles
 f - 2 rations
 g - 4 chunks of flesh


   Skills:
 + Level 2.9 Fighting
 + Level 3.6 Axes
 + Level 1.8 Throwing
 + Level 0.5 Armour
 + Level 2.7 Dodging


You had 3 spell levels left.
You didn't know any spells.
Your spell library was empty.

Dungeon Overview and Level Annotations

Branches:
Dungeon (3/15)

Altars:
Makhleb

Annotations:
D:3 Ijyb


Innate Abilities, Weirdness & Mutations

You are resistant to torment.
Your stone body is resilient. (AC +3)
You are immune to poison.
You resist negative energy. (rN+)
You are resistant to electric shocks. (rElec)
You can survive without breathing.
You are immune to petrification.
You are immune to rotting.


Message History

You hit Ijyb.
Ijyb is severely wounded.
You barely miss the goblin. You hit the goblin.
You kill the goblin!
Ijyb zaps a wand.
You are blasted!
Ouch! That really hurt!
* * * LOW HITPOINT WARNING * * *
The goblin hits you but does no damage.
You hit Ijyb but do no damage.
Ijyb is severely wounded.
You barely miss the goblin.
Ijyb screams, "Die!"
Ijyb hits you but does no damage. The goblin hits you but does no damage.
Ijyb hits you but does no damage.
Unknown command.
Your leather armour prevents you from hitting Ijyb.
Ijyb is severely wounded.
You hit the goblin. The goblin completely misses you.
Ijyb zaps a wand.
You are blasted!
You die...

.## #######.#.#.#.##.###.#
.# ##...##.##.# #.# .###
##.###....# #.# ...# #.#
####.# #.# ...###
#.######.# #.# .....#
#....>...# #.# ...#.#
##...$...# #.# ...#.#
#.......# #.# .###.#
#8@....8# #.# .# #.#
#gg)....# #.# .# #.#
#8.....8# #.# ## #.#
#.......# #.# ##.####
#8.....8# #.# #.....#
#.......# #.# #..##.#
#8.....8# #.#
###..##.#######..!.!..# #.#
.....##.......###########.#


You could see Ijyb and a goblin.

Vanquished Creatures
  3 adders (D:3)
  A worm (D:3)
  A leopard gecko (D:1)
  2 giant cockroaches
  7 goblins (D:3)
  A hobgoblin (D:1)
  3 jackals (D:3)
  4 kobolds
  3 ball pythons (D:3)
  2 frilled lizards
  A rat (D:3)
28 creatures vanquished.

Notes
Turn   | Place    | Note
-------+----------+-------------------------------------------
     0 | D:1      | Acheron the Gargoyle Gladiator began the quest for the Orb.
     0 | D:1      | Reached XP level 1. HP: 12/12 MP: 1/1
    97 | D:1      | Reached XP level 2. HP: 10/17 MP: 2/2
   271 | D:3      | Reached skill level 3 in Axes
   283 | D:3      | Reached XP level 3. HP: 15/22 MP: 3/3
   336 | D:3      | Found a burning altar of Makhleb.
   598 | D:3      | Noticed Ijyb
   605 | D:3      | Reached XP level 4. HP: 23/27 MP: 4/4
   610 | D:3      | Blown up by Ijyb

Skill      XL: |  1  2 |
---------------+-------+-----
Axes           | 3 |  3.6
Fighting       | |  2.9
Throwing       | |  1.8
Armour         | |  0.5
Dodging        | |  2.7

Action                   |  1- 3 |  4- 6 || total
-------------------------+-------+-------++-------
Melee: War axe           |    67 |     5 ||    72
  Use: Scroll            |     1 |       ||     1
Armor: Leather armour    |    25 |     6 ||    31
Dodge: Dodged            |    72 |     7 ||    79
